 Dungeon Crawl Stone Soup version 0.28.0-53-g5a82cb258f (webtiles) character file.

Game seed: 2025088532382858106

200 Ethylacetat the Shooter (level 5, 0/50 HPs)
             Began as a Naga Hunter on May 23, 2022.
             Slain by a centaur skeleton (2 damage)
             ... on level 4 of the Dungeon.
             The game lasted 00:07:20 (3808 turns).

Ethylacetat the Shooter (Naga Hunter)               Turns: 3808, Time: 00:07:24

Health: 0/50       AC:  3    Str: 14    XL:     5   Next: 78%
Magic:  5/5        EV:  9    Int: 12    God:
Gold:   171        SH:  0    Dex: 13    Spells: 4/4 levels left

rFire   . . .      SeeInvis +   b - +0 short sword
rCold   . . .      Faith    .   (no shield)
rNeg    . . .      Spirit   .   c - +0 leather armour
rPois   +          Reflect  .   (no helmet)
rElec   .          Harm     .   (no cloak)
rCorr   .          Rampage  .   (no gloves)
Will    .....      Clarity  +   (no barding)
Stlth   ++........              (no amulet)
HPRegen 0.16/turn               (no ring)
MPRegen 0.09/turn               (no ring)

@: short of breath, very slow
A: AC +1, large, see invisible, deformed body, poison resistance, slowness 2,
spit poison 1, naga tail 1, clarity, wild magic 1
a: Spit Poison


You were on level 4 of the Dungeon.
You visited 1 branch of the dungeon, and saw 4 of its levels.

You collected 171 gold pieces.

Inventory:

Hand Weapons
 a - a +1 shortbow
 b - a +0 short sword (weapon)
Missiles
 d - 44 arrows
Armour
 c - a +0 leather armour (worn)
Jewellery
 l - an amulet of guardian spirit
Scrolls
 f - 2 scrolls of teleportation {unknown}
 j - a scroll of enchant weapon {unknown}
 m - a scroll of magic mapping {unknown}
 n - a scroll of summoning {unknown}
Potions
 e - a potion of curing


   Skills:
 + Level 3.6 Fighting
 * Level 5.5 Bows
 - Level 1.5 Dodging
 - Level 1.5 Stealth


You had 4 spell levels left.
You didn't know any spells.
Your spell library contained the following spells:

 Spells                   Type           Power      Damage    Failure   Level
 Animate Skeleton         Necr           0%         N/A       47%         1
 Apportation              Tloc           0%         N/A       47%         1
 Summon Small Mammal      Summ           0%         N/A       47%         1
 Gell's Gravitas          Tloc           0%         N/A       83%         3
 Lesser Beckoning         Tloc           0%         N/A       83%         3
 Portal Projectile        Hex/Tloc       0%         N/A       83%         3
 Teleport Other           Tloc           0%         N/A       83%         3
 Blade Hands              Tmut           0%         N/A       100%        5
 Excruciating Wounds      Necr           0%         N/A       100%        5


Dungeon Overview and Level Annotations

Branches:
Dungeon (4/15)
 Temple: D:4-7

Altars:
Xom


Innate Abilities, Weirdness & Mutations

Your serpentine skin is tough. (AC +1)
You have supernaturally acute eyesight. (SInv)
Armour fits poorly on your strangely shaped body.
Your system is resistant to poisons. (rPois)
You cover ground very slowly.
You can spit poison.
You have a snake-like lower body.
You possess an exceptional clarity of mind.
Your spells are a little harder to cast, but a little more powerful.


Message History

* * * LOW HITPOINT WARNING * * *
The centaur skeleton kicks you but does no damage.
It was a potion of lignification.
You turn into a tree.
Your +0 leather armour melds into your body.
Your roots penetrate the ground.
The kobold hits you but does no damage.
The centaur skeleton hits you but does no damage.
The centaur skeleton kicks you but does no damage.
You hit the centaur skeleton.
The centaur skeleton is almost destroyed.
The kobold hits you from afar with a +0 spear.
* * * LOW HITPOINT WARNING * * *
The centaur skeleton hits you but does no damage.
The centaur skeleton kicks you.
* * * LOW HITPOINT WARNING * * *
Aiming: Spit Poison (1% risk of failure)
Press: ? - help, Shift-Dir - straight line, f/p - kobold
Aim: a kobold, wielding a +0 spear and quivering stones (50% to hit)
The splash of poison hits the kobold.
The kobold is poisoned.
You kill the kobold!
A hound comes into view.
The centaur skeleton hits you.
* * * LOW HITPOINT WARNING * * *
The centaur skeleton kicks you but does no damage.
The centaur skeleton hits you but does no damage.
The centaur skeleton kicks you.
* * * LOW HITPOINT WARNING * * *
It was a potion of might.
You feel very mighty all of a sudden.
The hound barks!
The centaur skeleton hits you.
* * * LOW HITPOINT WARNING * * *
The centaur skeleton kicks you but does no damage.
It was a potion of cancellation.
Your magical effects are unravelling.
You feel magically purged.
You feel less wooden.
Your +0 leather armour unmelds from your body.
You feel a little less mighty now. The centaur skeleton hits you.
You die...

#.#.....# #.###...#
#.# #...# #.# #....
##.###.... ..
####......... ..##
#...<....#...
...###.##........#
>#.....##@..#....#
.....#..Z......#.#
..###.....)...#...#
..........)..###...
......รท...h..# #.#
.............# #
....##.......# ###
#.......#
.........#


You could see a hound and a centaur skeleton.

Vanquished Creatures
  A howler monkey (D:4)
  A jelly (D:4)
  An orc wizard (D:3)
  4 adders
  An adder skeleton (D:4)
  2 dart slugs (D:1)
  7 orcs
  6 bats
  4 endoplasms (D:1)
  3 giant cockroaches (D:3)
  5 goblins
  8 hobgoblins
  3 ball pythons
  8 frilled lizards
  4 kobolds
  6 rats
64 creatures vanquished.

Vanquished Creatures (others)
  A plant (D:1)
1 creature vanquished.

Grand Total: 65 creatures vanquished

Notes
Turn   | Place    | Note
-------+----------+-------------------------------------------
     0 | D:1      | Ethylacetat the Naga Hunter began the quest for the Orb.
     0 | D:1      | Reached XP level 1. HP: 19/19 MP: 1/1
   126 | D:1      | Reached XP level 2. HP: 20/26 MP: 2/2
   394 | D:1      | Reached skill level 4 in Bows
   843 | D:1      | Reached XP level 3. HP: 27/33 MP: 3/3
  1898 | D:2      | Found a faded altar of an unknown god.
  2585 | D:3      | Reached XP level 4. HP: 17/40 MP: 4/4
  3093 | D:3      | Found a shimmering altar of Xom.
  3333 | D:4      | Reached skill level 5 in Bows
  3333 | D:4      | Reached XP level 5. HP: 49/49 MP: 5/5
  3800 | D:4      | HP: 2/50 [centaur skeleton (2)]
  3803 | D:4      | Gained mutation: You possess an exceptional clarity of
                  | mind. [potion of mutation]
  3803 | D:4      | Gained mutation: Your spells are a little harder to cast,
                  | but a little more powerful. [potion of mutation]
  3807 | D:4      | HP: 3/75 [centaur skeleton (3)]
  3808 | D:4      | Slain by a centaur skeleton

Illustrated notes

Levels and vault maps discovered:
D:1:      lightli_arrival_statue_moat, layout_loops_ring, serial_bayou,
          serial_bayou_ford_a, serial_bayou_pond_c, serial_bayou_shore_a,
          serial_bayou_lake_a, serial_bayou_pond_b, serial_bayou_lagoon_a
D:2:      layout_loops_ring, serial_forest, infiniplex_forest_end_2,
          infiniplex_forest_lined_ring, infiniplex_forest_lined_room_2,
          infiniplex_forest_end_2, infiniplex_forest_straight_4,
          infiniplex_forest_end_3, infiniplex_forest_clump_cross,
          dilly_ecumenical_altar_fadedgnrine
D:3:      layout_rooms, mainiacjoe_overflow_boulevard
D:4:      layout_rooms, uniq_crazy_yiuf_cottage

Skill      XL: |  1  2  3  4 |
---------------+-------------+-----
Bows           | 4 5 |  5.5
Fighting       | 3 |  3.6
Dodging        | |  1.5
Stealth        | |  1.5

Action                   |  1- 3 |  4- 6 || total
-------------------------+-------+-------++-------
Melee: Short sword       |    86 |    80 ||   166
       Punch             |     2 |     3 ||     5
 Fire: Shortbow          |     1 |     4 ||     5
 Abil: Spit Poison       |    21 |    27 ||    48
  Use: Potion            |       |     6 ||     6
 Stab: Sleeping          |     1 |       ||     1
Armor: Leather armour    |    20 |    39 ||    59
       Skin              |       |     7 ||     7
Dodge: Dodged            |    31 |    52 ||    83
